AoeStats
← JAM

Black Forest

508845371Analyzed
4v4 RM · 8d ago on Sep 24, 2026· 55m 51s· 8 players
Game mode
Random Map
Map size
Large (8 player)
Population
200
Speed
Normal
Resources
Standard
Victory
Conquest
Starting age
Dark Age
Ending age
Imperial Age
RankedLock teamsTeams togetherTeam positionsShared explorationLock speedFull tech treeHidden civsTurbo modeCheats
Victory
Defeat
🇩🇪 Celts · Germany
1211
+13
🇧🇷 Japanese · Brazil
1197
+14
🇳🇮 Slavs · Nicaragua
1176
+15
🇨🇳 Persians · China
1082
+20
🇳🇱 Saxons · Netherlands
1201
-17
🇨🇭 Japanese · Switzerland
1158
-16
🇨🇭 Ethiopians · Switzerland
1135
-15
🇹🇷 Turks · Türkiye
1112
-14
TheFrodo5
1:43 Loom
12:59 Feudal Age
13:44 Double-Bit Axe
13:40 Horse Collar
13:52 Gold Mining
24:06 Wheelbarrow
26:15 Castle Age
24:11 Man-at-Arms
25:04 Forging
24:55 Scale Mail Armor
26:45 Long Swordsman
34:40 Heavy Plow
37:24 Squires
37:10 Gambesons
37:11 Arson
42:17 Gold Shaft Mining
42:03 Chain Mail Armor
42:24 Iron Casting
42:37 Iron Casting
50:03 Imperial Age
50:06 Two-Handed Swordsman
51:06 Fletching
52:44 Plate Mail Armor
52:38 Champion
ertk
0:34 Loom
12:15 Feudal Age
13:52 Wheelbarrow
13:07 Double-Bit Axe
17:24 Castle Age
16:13 Horse Collar
18:28 Bow Saw
20:56 Squires
22:13 Bloodlines
22:04 Husbandry
23:44 Man-at-Arms
33:18 Imperial Age
34:41 Long Swordsman
36:19 Scale Barding Armor
36:16 Padded Archer Armor
36:50 Elite Janissary
42:01 Fletching
42:27 Leather Archer Armor
42:24 Forging
42:15 Scale Mail Armor
48:28 Ring Archer Armor
47:54 Bodkin Arrow
48:22 Caravan
50:42 Gold Mining
51:16 Chain Barding Armor
51:12 Chain Mail Armor
51:42 Heavy Camel Rider
56:16 Hand Cart
55:46 Town Watch
[H A R D] wiealtesBROT
0:30 Loom
14:30 Feudal Age
18:35 Castle Age
16:23 Double-Bit Axe
16:20 Horse Collar
19:31 Bow Saw
19:24 Heavy Plow
23:47 Wheelbarrow
25:27 Scale Mail Armor
25:38 Forging
25:37 Gold Mining
26:39 Hand Cart
26:11 Town Watch
28:50 Squires
29:06 Chain Mail Armor
29:26 Iron Casting
29:39 Arson
31:40 Town Patrol
35:34 Imperial Age
36:04 Halberdier
37:16 Plate Mail Armor
36:49 Torsion Engines
37:10 Conscription
37:53 Chemistry
36:59 Siege Engineers
37:05 Fortified Wall
38:49 Blast Furnace
38:41 Coinage
40:48 Two-Man Saw
40:54 Banking
42:27 Guilds
[H A R D] est
1:52 Loom
12:51 Feudal Age
16:35 Castle Age
14:31 Double-Bit Axe
14:30 Horse Collar
21:55 Fletching
34:14 Bow Saw
34:07 Heavy Plow
36:51 Wheelbarrow
36:02 Town Watch
41:14 Imperial Age
39:13 Treadmill Crane
39:25 Guard Tower
40:47 Masonry
41:17 Yasama
42:01 Bodkin Arrow
42:47 Keep
42:33 Ballistics
43:15 Chemistry
42:13 Murder Holes
43:08 Pikeman
43:49 Squires
43:35 Arson
43:53 Bracer
44:04 Forging
44:00 Scale Barding Armor
45:32 Halberdier
47:29 Halberdier
49:07 Iron Casting
48:53 Chain Barding Armor
52:19 Arrowslits
53:18 Conscription
1234567
1:10 Loom
14:13 Feudal Age
15:02 Double-Bit Axe
15:41 Fletching
21:34 Wheelbarrow
22:55 Horse Collar
25:58 Castle Age
25:35 Gold Mining
27:00 Town Watch
27:28 Bow Saw
31:47 Hand Cart
32:14 Heavy Plow
36:31 Imperial Age
37:13 Bodkin Arrow
40:10 Two-Man Saw
40:05 Stone Mining
41:18 Bracer
41:44 Ballistics
41:15 Guard Tower
42:08 Padded Archer Armor
43:15 Chemistry
41:56 Treadmill Crane
42:11 Murder Holes
43:48 Leather Archer Armor
45:42 Ring Archer Armor
45:49 Keep
45:01 Arrowslits
45:32 Elite Skirmisher
46:21 Thumb Ring
47:40 Yasama
48:06 Conscription
49:11 Parthian Tactics
48:58 Scale Mail Armor
49:08 Forging
53:18 Caravan
king vitt
1:04 Loom
14:44 Feudal Age
15:00 Horse Collar
15:08 Double-Bit Axe
16:56 Wheelbarrow
20:01 Castle Age
23:15 Hand Cart
23:47 Bow Saw
23:39 Heavy Plow
28:15 Gold Mining
28:19 Stone Mining
34:10 Imperial Age
32:36 Gold Shaft Mining
32:39 Stone Shaft Mining
35:45 Two-Man Saw
35:18 Crop Rotation
35:00 Scale Barding Armor
35:05 Forging
36:11 Chain Barding Armor
36:34 Town Watch
36:25 Elite War Elephant
37:19 Citadels
37:34 Conscription
37:43 Husbandry
37:54 Bloodlines
38:23 Plate Barding Armor
38:24 Iron Casting
38:09 Masonry
42:07 Blast Furnace
42:20 Hoardings
42:23 Architecture
JAM
0:26 Loom
13:07 Feudal Age
14:04 Arson
13:40 Man-at-Arms
14:54 Forging
21:14 Castle Age
19:44 Double-Bit Axe
19:44 Horse Collar
20:38 Scale Mail Armor
21:35 Long Swordsman
22:01 Gambesons
22:33 Chain Mail Armor
22:31 Bow Saw
24:44 Gold Mining
25:27 Stone Mining
27:03 Fletching
29:44 Murder Holes
35:43 Imperial Age
34:04 Ballistics
33:55 Fortified Wall
35:08 Iron Casting
35:56 Masonry
38:55 Siege Engineers
39:01 Bodkin Arrow
40:22 Gold Shaft Mining
40:41 Wheelbarrow
39:52 Town Watch
41:25 Plate Mail Armor
42:16 Hand Cart
43:10 Blast Furnace
42:04 Pikeman
43:13 Heavy Scorpion
45:11 Heavy Plow
46:32 Furor Celtica
47:15 Stone Shaft Mining
48:41 Padded Archer Armor
50:01 Onager
50:55 Caravan
55:00 Arrowslits
lord_blandon
0:28 Loom
12:57 Feudal Age
16:54 Double-Bit Axe
18:41 Scale Barding Armor
20:11 Forging
20:01 Scale Mail Armor
23:16 Bloodlines
26:28 Castle Age
25:28 Wheelbarrow
24:39 Town Watch
26:32 Light Cavalry
27:13 Husbandry
26:40 Pikeman
27:20 Squires
29:41 Hand Cart
29:27 Town Patrol
31:34 Chain Barding Armor
38:40 Imperial Age
37:28 Horse Collar
38:33 Iron Casting
38:35 Chain Mail Armor
40:17 Plate Barding Armor
41:01 Blast Furnace
39:51 Cavalier
41:40 Fortified Wall
42:31 Chemistry
41:33 Hussar
43:00 Heavy Plow
43:21 Bow Saw
47:46 Plate Mail Armor
48:01 Conscription
Connection lost

Rejoining the realm…

Still unreachable

The connection could not be restored.

Session expired

The server has moved on; the page needs a fresh start.